 Dungeon Crawl Stone Soup version 0.20.1-1-g8b1a95d (webtiles) character file.

264 Awshucks the Chopper (level 5, -7/70 HPs)
             Began as a Draconian Berserker on Aug 29, 2017.
             Was a Priest of Trog.
             Splashed by a jelly's acid (9 damage)
             ... on level 4 of the Dungeon.
             The game lasted 00:33:23 (3863 turns).

Awshucks the Chopper (Draconian Berserker)          Turns: 3863, Time: 00:33:25

Health: -7/70      AC: -7    Str: 25    XL:     5   Next: 98%
Magic:  5/5        EV: 13    Int:  8    God:    Trog [***...]
Gold:   183        SH:  0    Dex: 10    Spells: 4/4 levels left

rFire    + . .     SeeInvis .   a - +0 hand axe
rCold    x . .     Gourm    .   (no shield)
rNeg     . . .     Faith    .   (armour unavailable)
rPois    +         Spirit   .   (helmet restricted)
rElec    .         Reflect  .   (no cloak)
rCorr    .         Harm     .   (no gloves)
MR       .....                  (no boots)
Stlth    ..........             o - amulet of inaccuracy (curse)
Regen    0.3/turn               d - ring of poison resistance
MPRegen  0.1/turn               h - ring of fire

@: berserking, corroded, very quick
A: unfitting armour, cold-blooded, AC +5
a: Berserk, Trog's Hand, Burn Spellbooks, Renounce Religion


You were on level 4 of the Dungeon.
You worshipped Trog.
Trog was most pleased with you.
You were hungry.

You visited 1 branch of the dungeon, and saw 4 of its levels.

You collected 183 gold pieces.

Inventory:

Hand Weapons
 a - a +0 hand axe (weapon)
Missiles
 j - 58 stones (quivered)
Jewellery
 d - a ring of poison resistance (left hand)
 h - a ring of fire (right hand)
 o - a cursed amulet of inaccuracy (around neck)
Scrolls
 e - 8 scrolls of identify
 k - a scroll of fog {unknown}
 l - 3 scrolls of teleportation
Potions
 c - 2 potions of cancellation
 m - 2 potions of flight
 n - a potion of brilliance
Comestibles
 b - 2 bread rations
 f - 3 chunks of flesh
 g - 3 meat rations
 i - 5 fruits


   Skills:
 + Level 4.5 Fighting
 + Level 5.3 Axes
 + Level 3.7 Dodging


You had 4 spell levels left.
You didn't know any spells.

Dungeon Overview and Level Annotations

Branches:
Dungeon (4/15)
 Temple: D:4-7

Altars:
Uskayaw
Vehumet


Innate Abilities, Weirdness & Mutations

Your plain brown scales are hard. (AC +5)
You cannot fit into any form of body armour.
You are cold-blooded and may be slowed by cold attacks.


Message History

You hit the jelly but do no damage.
Your hands burn!
The jelly is moderately wounded.
The jelly hits you.
You are splashed with acid!
The acid burns!
You hit the jelly but do no damage. The acid corrodes you!
Your hands burn!
The jelly is moderately wounded.
The jelly barely misses you.
You hit the jelly.
Your hands burn!
* * * LOW HITPOINT WARNING * * *
The jelly is moderately wounded.
The jelly hits you.
* * * LOW HITPOINT WARNING * * *
You are splashed with acid!
The acid burns!
* * * LOW HITPOINT WARNING * * *
A red film seems to cover your vision as you go berserk!
You feel yourself moving faster!
You feel mighty!
You are feeling hungry.
The jelly hits you.
* * * LOW HITPOINT WARNING * * *
The acid corrodes you!
You are splashed with acid!
The acid burns!
You die...

##.....###.#.#.#.....
#.......##.#.#.##.#<#
#.......##.....#.####
#.......##.#.#...#
#.......##(#.#.###
####....####.#)#
##..'....# #.#÷#
#†######## #.#<#
##)..@J.# #.###
#######'# #. ..# ..#
..# J.# ..# ..#


You could see a jelly.

Vanquished Creatures
  An orc wizard (D:4)
  Terence (D:2)
  An iguana (D:4)
  3 gnolls (D:3)
  4 adders
  2 oozes (D:4)
  2 worms
  A dart slug (D:3)
  4 leopard geckos
  7 orcs
  4 ball pythons
  5 giant cockroaches
  9 goblins
  8 hobgoblins
  7 jackals (D:4)
  A quokka (D:3)
  5 bats
  4 frilled lizards
  13 kobolds
  12 rats
94 creatures vanquished.

Vanquished Creatures (others)
  13 toadstools (D:4)
13 creatures vanquished.

Grand Total: 107 creatures vanquished

Notes
Turn   | Place    | Note
-------+----------+-------------------------------------------
     0 | D:1      | Awshucks the Draconian Berserker began the quest for the Orb.
     0 | D:1      | Reached XP level 1. HP: 19/19 MP: 1/1
   116 | D:1      | Reached XP level 2. HP: 24/26 MP: 2/2
   711 | D:1      | Reached ** piety under Trog
   711 | D:1      | Reached XP level 3. HP: 31/33 MP: 3/3
  1017 | D:2      | Noticed a dagger
  1017 | D:2      | Noticed a dagger
  1026 | D:2      | Found a hide-covered altar of Uskayaw.
  1537 | D:2      | Noticed Terence
  1549 | D:2      | Killed Terence
  1549 | D:2      | Reached skill level 4 in Axes
  1549 | D:2      | Reached XP level 4. HP: 40/40 MP: 4/4
  2552 | D:3      | Reached XP level 5. HP: 36/46 MP: 5/5
  2600 | D:3      | Found a radiant altar of Vehumet.
  3628 | D:4      | Reached skill level 5 in Axes
  3761 | D:4      | Reached *** piety under Trog
  3862 | D:4      | HP: 2/47 [acid (10)]
  3863 | D:4      | Splashed by a jelly's acid

Skill      XL: |  1  2  3  4  5 |
---------------+----------------+-----
Dodging        | 3 |  3.7
Fighting       | 4 |  4.5
Axes           | 4 5 |  5.3

Action                   |  1- 3 |  4- 6 || total
-------------------------+-------+-------++-------
Melee: Hand axe          |   113 |   301 ||   414
       Tailslap          |    13 |    30 ||    43
Invok: Berserk           |     3 |     4 ||     7
       Trog's Hand       |       |     3 ||     3
  Use: Scroll            |     5 |     4 ||     9
  Eat: Chunk             |     4 |    13 ||    17
Armor: Skin              |    24 |    76 ||   100
Dodge: Dodged            |    64 |   187 ||   251
